AoeStats
← LM | TornardoBriese

Arabia

505889440Analyzed
1v1 RM · 20d ago on Sep 11, 2026· 34m 45s· 2 players
Game mode
Random Map
Map size
Tiny (2 player)
Population
200
Speed
Normal
Resources
Standard
Victory
Conquest
Starting age
Dark Age
Ending age
Imperial Age
RankedLock teamsTeams togetherTeam positionsShared explorationLock speedFull tech treeHidden civsTurbo modeCheats
Victory
Defeat
🇭🇰 Bengalis · Hong Kong SAR China
1159
+16
🇨🇭 Magyars · Switzerland
1168
-16
alexlau.munhean
7:10 Loom
9:23 Feudal Age
11:06 Horse Collar
11:26 Double-Bit Axe
15:34 Fletching
16:44 Padded Archer Armor
22:32 Castle Age
22:35 Crossbowman
23:15 Bodkin Arrow
23:33 Bow Saw
25:27 Ballistics
26:00 Gold Mining
27:11 Leather Archer Armor
28:02 Bloodlines
29:07 Husbandry
30:57 Wheelbarrow
31:39 Stone Mining
LM | TornardoBriese
6:34 Loom
9:09 Feudal Age
12:06 Double-Bit Axe
16:49 Wheelbarrow
21:56 Castle Age
25:05 Bow Saw
25:37 Fletching
28:16 Elite Skirmisher
30:17 Bodkin Arrow
30:56 Padded Archer Armor
33:03 Padded Archer Armor
Connection lost

Rejoining the realm…

Still unreachable

The connection could not be restored.

Session expired

The server has moved on; the page needs a fresh start.